 Dungeon Crawl Stone Soup version 0.23.2-1-ga50397a6bc (webtiles) character file.

Game seed: 15909765372034073842

657 Peloso the Slasher (level 7, -1/60 HPs)
             Began as a Minotaur Fighter on May 29, 2019.
             Was a Follower of Okawaru.
             Killed by divine providence
             ... invoked by an orc priest
              (10 damage)
             ... on level 4 of the Dungeon.
             The game lasted 00:04:39 (2564 turns).

Peloso the Slasher (Minotaur Fighter)               Turns: 2564, Time: 00:04:40

Health: -1/60      AC: 13    Str: 21    XL:     7   Next: 29%
Magic:  6/6        EV:  6    Int:  5    God:    Okawaru [*.....]
Gold:   216        SH: 10    Dex: 11    Spells: 6/6 levels left

rFire    . . .     SeeInvis .   a - +0 long sword
rCold    . . .     Gourm    .   c - +0 shield
rNeg     . . .     Faith    .   q - +0 chain mail
rPois    .         Spirit   .   (helmet restricted)
rElec    .         Reflect  .   i - +0 cloak
rCorr    +         Harm     .   (no gloves)
MR       .....                  (no boots)
Stlth    ..........             (no amulet)
HPRegen  0.20/turn              o - +2 ring of protection
MPRegen  0.10/turn              s - ring of resist corrosion

@: lethally poisoned (-1 -> -6)
A: retaliatory headbutt, horns 2
a: Heroism, Renounce Religion


You were on level 4 of the Dungeon.
You worshipped Okawaru.
Okawaru was aware of your devotion.
You were hungry.

You visited 1 branch of the dungeon, and saw 4 of its levels.

You collected 216 gold pieces.

Inventory:

Hand Weapons
 a - a +0 long sword (weapon)
Armour
 b - a +0 scale mail
 c - a +0 shield (worn)
 i - a +0 cloak (worn)
 q - a +0 chain mail (worn)
Jewellery
 o - a +2 ring of protection (left hand)
 s - a ring of resist corrosion (right hand)
Wands
 t - a wand of disintegration (21)
Scrolls
 e - a scroll of magic mapping {unknown}
 j - a scroll of fog {unknown}
 k - a scroll of immolation {unknown}
 l - a scroll of enchant armour {unknown}
 n - a scroll of random uselessness {unknown}
 u - a scroll of remove curse
 x - a scroll of teleportation {unknown}
Potions
 d - a potion of might
 h - a potion of berserk rage
 m - a potion of mutation
 r - a potion of curing {unknown}
 v - a potion of heal wounds {unknown}
 w - a potion of haste {unknown}
Comestibles
 f - 7 rations
 z - 8 chunks of flesh


   Skills:
 + Level 4.8 Fighting
 + Level 6.1 Long Blades
 + Level 5.7 Armour
 + Level 1.2 Dodging
 + Level 0.3 Stealth
 + Level 6.1 Shields


You had 6 spell levels left.
You didn't know any spells.
Your spell library was empty.

Dungeon Overview and Level Annotations

Branches:
Dungeon (4/15)
 Temple: D:4-7

Altars:
Cheibriados
Okawaru
Sif Muna


Innate Abilities, Weirdness & Mutations

You reflexively headbutt those who attack you in melee.
You have a pair of horns on your head.


Message History

You closely miss the orc. Your headbutt misses the orc.
You feel sick. The orc hits you but does no damage.
The orc priest mumbles some strange prayers to Beogh against you.
Beogh smites you!
* * * LOW HITPOINT WARNING * * *
You slash the orc!
You kill the orc!
Okawaru accepts your kill.
You feel sick.
The orc priest looks braver for a moment.
You feel sick. The orc priest barely misses you.
Found 11 gold pieces.
Items here: )) [ † a +0 war axe; a +1 dagger of venom; a +0 robe; an orc corpse You hit the orc priest.
The orc priest is lightly wounded.
You feel sick.
The orc priest mumbles some strange prayers to Beogh against you.
Beogh smites you!
You die...

###..$ #.# #.#
....#####.#####.#
#..#...........#
#......#.#######
#.#...#.#
#.......#
#.####### #.# #@#
#.o......$
#..##..... ...#
###. ##... ....
#... #..##


You could see an orc priest.

Vanquished Creatures
  A phantom (D:4)
  2 ogres (D:4)
  A bullfrog (D:4)
  2 scorpions
  A hound (D:3)
  A bullfrog skeleton (D:3)
  An iguana (D:3)
  A worker ant (D:4)
  An orc wizard (D:4)
  A hound skeleton (D:4)
  2 adders (D:3)
  An adder skeleton (D:4)
  A worm (D:2)
  A leopard gecko (D:3)
  An orc (D:4)
  2 ball pythons
  9 bats
  A giant cockroach (D:2)
  3 goblins (D:1)
  10 hobgoblins
  14 jackals
  5 kobolds
  4 frilled lizards
  A jackal skeleton (D:4)
  6 rats
73 creatures vanquished.

Vanquished Creatures (others)
  5 toadstools (D:1)
5 creatures vanquished.

Grand Total: 78 creatures vanquished

Notes
Turn   | Place    | Note
-------+----------+-------------------------------------------
     0 | D:1      | Peloso the Minotaur Fighter began the quest for the Orb.
     0 | D:1      | Reached XP level 1. HP: 19/19 MP: 0/0
   258 | D:1      | Reached XP level 2. HP: 25/27 MP: 1/1
   863 | D:2      | Reached XP level 3. HP: 27/33 MP: 2/2
  1010 | D:2      | Noticed a scorpion
  1023 | D:2      | Killed a scorpion
  1023 | D:2      | Reached XP level 4. HP: 40/40 MP: 3/3
  1458 | D:3      | Reached skill level 1 in Dodging
  1543 | D:3      | Reached XP level 5. HP: 46/46 MP: 4/4
  1657 | D:3      | Found an iron altar of Okawaru.
  1670 | D:3      | Became a worshipper of Warmaster Okawaru
  1906 | D:3      | Found a snail-covered altar of Cheibriados.
  2277 | D:4      | Noticed a phantom
  2312 | D:4      | Killed a phantom
  2312 | D:4      | Reached skill level 5 in Long Blades
  2312 | D:4      | Reached skill level 5 in Armour
  2312 | D:4      | Reached skill level 5 in Shields
  2312 | D:4      | Reached XP level 6. HP: 53/53 MP: 5/5
  2340 | D:4      | Found a deep blue altar of Sif Muna.
  2443 | D:4      | Reached * piety under Okawaru
  2490 | D:4      | Reached XP level 7. HP: 44/60 MP: 6/6
  2564 | D:4      | Killed from afar by an orc priest

Skill      XL: |  1  2  3  4  5  6  7 |
---------------+----------------------+-----
Armour         | 4 5 |  5.7
Long Blades    | 3 4 5 6 |  6.1
Shields        | 4 5 6 |  6.1
Fighting       | 4 |  4.8
Dodging        | 1 |  1.2
Stealth        | |  0.3

Action                   |  1- 3 |  4- 6 |  7- 9 || total
-------------------------+-------+-------+-------++-------
Melee: Long sword        |    69 |   110 |    17 ||   196
       Headbutt          |    13 |    14 |     5 ||    32
  Use: Scroll            |       |     4 |       ||     4
  Eat: Chunk             |       |     4 |     1 ||     5
Armor: Scale mail        |    18 |       |       ||    18
       Chain mail        |    21 |    49 |     6 ||    76
Dodge: Dodged            |    18 |    25 |     6 ||    49
Block: Shield            |    57 |    63 |     3 ||   123
       Rpst.: Long sword |     7 |     5 |     1 ||    13
